 Dungeon Crawl Stone Soup version 0.27.1-2-g3b301248ec (webtiles) character file.

Game seed: 1603717131601740727

3 Borgoz the Skirmisher (level 1, 0/14 HPs)
             Began as a Gargoyle Berserker on Sept 26, 2021.
             Was a Follower of Trog.
             Slain by a jackal (2 damage)
             ... on level 1 of the Dungeon.
             The game lasted 00:00:07 (44 turns).

Borgoz the Skirmisher (Gargoyle Berserker)            Turns: 44, Time: 00:00:07

Health: 0/14       AC:  4    Str: 20    XL:     1   Next: 50%
Magic:  1/1        EV: 11    Int:  7    God:    Trog [*.....]
Gold:   0          SH:  0    Dex:  9    Spells: 0/0 levels left

rFire    . . .     SeeInvis .   a - +0 mace
rCold    . . .     Faith    .   (no shield)
rNeg     + . .     Spirit   .   b - +0 animal skin
rPois    ∞         Reflect  .   (no helmet)
rElec    +         Harm     .   (no cloak)
rCorr    .         Rampage  .   (no gloves)
Will     .....                  (no boots)
Stlth    +.........             (no amulet)
HPRegen  0.04/turn              (no ring)
MPRegen  0.07/turn              (no ring)

@: on berserk cooldown, slowed, very slow
A: sickness immunity, AC +2, negative energy resistance 1, electricity
resistance, torment resistance 1, petrification resistance
a: Renounce Religion, Berserk


You were on level 1 of the Dungeon.
You worshipped Trog.
Trog was aware of your devotion.
You visited 1 branch of the dungeon, and saw 1 of its levels.

Inventory:

Hand Weapons
 a - a +0 mace (weapon)
Armour
 b - a +0 animal skin (worn)


   Skills:
 + Level 3.3 Fighting
 + Level 3.0 Maces & Flails
 + Level 2.2 Armour
 + Level 1.6 Dodging


You couldn't memorise any spells.
You didn't know any spells.
Your spell library was empty.

Dungeon Overview and Level Annotations

Branches:
Dungeon (1/15)

Altars:


Innate Abilities, Weirdness & Mutations

You are immune to sickness and miasma.
Your stone body is resilient. (AC +2)
You are immune to poison.
You resist negative energy. (rN+)
You are resistant to electric shocks. (rElec)
You are resistant to unholy torment.
You are immune to petrification.


Message History

A jackal comes into view.
The jackal barks!
You hear an angry hiss.
You hear a shout!
A ball python comes into view.
The jackal bites you.
You see here a +0 dagger.
You miss the jackal.
The ball python hisses angrily.
A jackal comes into view.
The jackal bites you.
You closely miss the jackal.
The jackal barks!
The jackal completely misses you.
You closely miss the jackal.
The jackal bites you but does no damage.
You barely miss the jackal. The jackal misses you.
You barely miss the jackal. The jackal barely misses you.
The jackal misses you. The jackal bites you.
* * * LOW HITPOINT WARNING * * *
The jackal barely misses you.
You barely miss the jackal.
The jackal bites you but does no damage. x2
You sock the jackal!
You kill the jackal!
Trog accepts your kill. The ball python completely misses you.
The ball python barely misses you.
A rat comes into view.
The jackal bites you but does no damage.
The jackal bites you.
* * * LOW HITPOINT WARNING * * *
Found a scroll labelled QOICYEDD GEUS.
You are no longer berserk.
You are exhausted.
You feel yourself slow down. The ball python closely misses you.
The ball python barely misses you. The jackal misses you.
The jackal barely misses you.
You see here a jackal corpse.
You hit the jackal but do no damage. The jackal closely misses you. x2
The ball python bites you but does no damage.
The ball python barely misses you. The jackal bites you.
You die...

#.≈≈.. .. #.≈≈.. ..##
#..... ....# #.....
#....#### #####.....
#..r..!.## #.......##
.........## #.......#
..?....h..#####.......#
.......@).............#
?......Sh.....#.......##
....>....####...........
#...#...## #####.......
### ##### #.......
#....... ########


You could see 2 jackals, a ball python and a rat.

Vanquished Creatures
  A jackal (D:1)
  A quokka (D:1)
  A goblin (D:1)
3 creatures vanquished.

Notes
Turn   | Place    | Note
-------+----------+-------------------------------------------
     0 | D:1      | Borgoz the Gargoyle Berserker began the quest for the Orb.
     0 | D:1      | Reached XP level 1. HP: 14/14 MP: 1/1
    44 | D:1      | Slain by a jackal

Illustrated notes

Levels and vault maps discovered:
D:1:      amcnicky_arrival_single_pillar, layout_rooms, minmay_misc_feat_tiny

Action                   || total
-------------------------++-------
Melee: Mace              ||    15
Invok: Berserk           ||     1
Armor: Animal skin       ||     8
Dodge: Dodged            ||    17
